 Dungeon Crawl Stone Soup version 0.19.5 (webtiles) character file.

672 djnw the Caller (level 7, -5/46 HPs)
             Began as a Mummy Summoner on Mar 25, 2017.
             Slain by Duvessa
             ... wielding a +0 short sword
              (11 damage)
             ... on level 4 of the Dungeon.
             The game lasted 00:20:27 (8568 turns).

djnw the Caller (Mummy Summoner)                    Turns: 8568, Time: 00:20:27

Health: -5/46      AC:  6    Str: 11    XL:     7   Next: 32%
Magic:  4/13       EV: 15    Int: 17    God:
Gold:   188        SH:  0    Dex: 12    Spells: 4 memorised, 4 levels left

rFire  x . .     SeeInvis +     h - +0 dagger (flame)
rCold  + . .     Gourm    .     a - +1 robe
rNeg   + + +     Faith    .     (no shield)
rPois  ∞         Spirit   .     c - +2 helmet {SInv}
rElec  .         Reflect  .     (no cloak)
rCorr  .         Harm     .     (no gloves)
MR     .....                    (no boots)
Stlth  ++........               (no amulet)
                                (no ring)
                                g - +3 ring of evasion

@: very slightly contaminated
A: no food or potions, fire vulnerability, cold resistance 1, negative energy
resistance 3, torment resistance, unbreathing
a: no special abilities


You were on level 4 of the Dungeon.
You were not hungry.

You visited 2 branches of the dungeon, and saw 6 of its levels.
You also visited: Ossuary.

You collected 188 gold pieces.

Inventory:

Hand Weapons
 h - a +0 dagger of flaming (weapon)
Armour
 a - a +1 robe (worn)
 c - a +2 helmet of see invisible (worn)
Jewellery
 g - a +3 ring of evasion (left hand)
Wands
 d - a wand of flame (31/48)
Scrolls
 i - 2 scrolls of amnesia
Books
 b - a book of Callings

   Spells                             Type                      Level
   a - Summon Small Mammal            Summoning                    1
   b - Call Imp                       Summoning                    2
   c - Call Canine Familiar           Summoning                    3
   d - Summon Guardian Golem          Hexes/Summoning              3
   e - Summon Lightning Spire         Summoning/Air                4
   f - Summon Ice Beast               Ice/Summoning                4


   Skills:
 - Level 1.5 Dodging
 - Level 1.5 Stealth
 + Level 4.4 Spellcasting
 * Level 5.8 Summonings
 * Level 2.5 Ice Magic


You had 4 spell levels left.
You knew the following spells:

 Your Spells              Type           Power        Failure   Level  Hunger
a - Summon Small Mammal   Summ           ###.         1%          1    N/A
b - Call Imp              Summ           ###.....     2%          2    N/A
c - Call Canine Familiar  Summ           ###.....     6%          3    N/A
d - Summon Ice Beast      Ice/Summ       ###.....     30%         4    N/A

Dungeon Overview and Level Annotations

Branches:
Dungeon (5/15)             Temple (1/1) D:4

Altars:
Ashenzari
Cheibriados
Dithmenos
Elyvilon
Fedhas
Gozag
Hepliaklqana
Kikubaaqudgha
Makhleb
Ru
Trog
Uskayaw
Vehumet
Yredelemnul
Zin
The Shining One

Shops:
D:4 =

Annotations:
D:4 Duvessa


Innate Abilities, Weirdness & Mutations

You do not eat or drink.
Your flesh is vulnerable to fire.
You are immune to poison.
Your flesh is cold resistant. (rC+)
You are immune to negative energy. (rN+++)
You are immune to unholy pain and torment.
You can survive without breathing.


Message History

There is a stone staircase leading down here.
Unknown command.
You closely miss the quokka. Duvessa barely misses you.
The quokka completely misses you. Duvessa hits you with a short sword!!
Unknown command.
You hit the quokka. You burn the quokka.
The quokka is almost dead.
Duvessa hits you with a short sword. The quokka misses you.
Unknown command.
The quokka misses you. Duvessa hits you with a short sword!
* * * LOW HITPOINT WARNING * * *
The quokka barely misses you.
As you read the scroll of fear, it crumbles to dust.
You assume a fearsome visage.
The quokka looks frightened!
Duvessa hits you with a short sword.
* * * LOW HITPOINT WARNING * * *
Okay, then.
Duvessa hits you but does no damage. Duvessa hits you with a short sword!
You die...

.'.......###.#####.####.#
#.#
.######...##.#..........#
#.# .# #..........##########
#.# .# #.#..........#####
#.# .#
#.###..#...#.....#########.#
.# #.#
##.#...#####.##........# .#
#.# #.....# #.##.######## .#
#.# ##....#####.##.# .# #.#
#.>..e@....##.# ##
#.######..#########.# ##
#.##..r...# #.#
.####.##.###.######## #.#
......!............<# #.#
.####..........########.# .#
####.###.#.# #.....# .#
#.#...#.# #.##### ##
#.#.###.# #.#


You could see Duvessa (berserk) and a quokka (fleeing).

Vanquished Creatures
  The ghost of djnw the Digger, an amateur NaEE (D:3)
  A centaur skeleton (D:4)
  A worker ant (D:4)
  A big kobold zombie (Ossuary)
  4 adders
  2 orcs (D:3)
  3 giant cockroaches
  2 goblins (D:1)
  3 hobgoblins
  2 kobolds
  A quokka (D:4)
  3 bats
  3 frilled lizards
  5 rats
32 creatures vanquished.

Vanquished Creatures (collateral kills)
  An ogre (D:4)
  A phantom (D:4)
  Dowan (D:5)
  A human zombie (Ossuary)
  A crimson imp (D:5)
  A centaur zombie (Ossuary)
  A hound (D:4)
  4 orc wizards (D:4)
  An orc priest (D:3)
  An iguana (D:4)
  A worker ant (D:4)
  A big kobold zombie (Ossuary)
  5 mummies
  Robin (D:3)
  6 adders
  An ooze (D:3)
  6 worms
  2 dart slugs
  2 leopard geckos
  10 orcs
  2 giant cockroaches
  7 hobgoblins
  7 jackals
  4 kobolds
  4 quokkas
  8 bats
  2 frilled lizards
  12 goblins
  A goblin zombie (Ossuary)
  2 kobold zombies (Ossuary)
  3 leopard gecko skeletons (D:4)
  An orc zombie (Ossuary)
  4 rats
105 creatures vanquished.

Grand Total: 137 creatures vanquished

Notes
Turn   | Place    | Note
-------+----------+-------------------------------------------
     0 | D:1      | djnw the Mummy Summoner began the quest for the Orb.
     0 | D:1      | Reached XP level 1. HP: 13/13 MP: 3/3
   427 | D:1      | Reached XP level 2. HP: 19/19 MP: 1/5
   492 | D:1      | Learned a level 2 spell: Call Imp
  1188 | D:2      | Reached XP level 3. HP: 12/24 MP: 3/6
  1193 | D:2      | Learned a level 3 spell: Call Canine Familiar
  1337 | D:2      | Found a shattered altar of Ashenzari.
  1423 | D:2      | Reached skill level 4 in Summonings
  2232 | D:2      | Reached XP level 4. HP: 27/30 MP: 2/8
  2766 | D:2      | Found a sacrificial altar of Ru.
  2890 | D:3      | Noticed Robin
  2941 | D:3      | Killed Robin
  3065 | D:3      | Found an ancient bone altar of Kikubaaqudgha.
  3415 | D:3      | Noticed djnw's ghost (amateur NaEE)
  3481 | D:3      | Killed djnw's ghost
  3481 | D:3      | Reached XP level 5. HP: 10/35 MP: 1/10
  3808 | D:3      | Reached skill level 5 in Summonings
  3820 | D:3      | Learned a level 4 spell: Summon Ice Beast
  4425 | D:3      | Noticed a moth of wrath
  4428 | D:3      | Found a bloodstained altar of Trog.
  4969 | D:4      | Found a sand-covered staircase.
  5013 | Ossuary  | Entered an ossuary
  5223 | Ossuary  | Reached XP level 6. HP: 21/41 MP: 0/11
  5452 | Ossuary  | Reached skill level 1 in Ice Magic
  6806 | D:4      | Found Uhey's Jewellery Emporium.
  6847 | D:4      | Found a staircase to the Ecumenical Temple.
  6858 | Temple   | Entered the Ecumenical Temple
  7401 | D:4      | Reached XP level 7. HP: 32/46 MP: 10/13
  8353 | D:5      | Entered Level 5 of the Dungeon
  8379 | D:5      | Noticed Dowan
  8397 | D:5      | Killed Dowan
  8546 | D:5      | Noticed Duvessa
  8568 | D:4      | Slain by Duvessa

Skill      XL: |  1  2  3  4  5  6 |
---------------+-------------------+-----
Summonings     | 4 5 |  5.8
Spellcasting   | 3 4 |  4.4
Ice Magic      | 2 |  2.5
Dodging        | |  1.5
Stealth        | |  1.5

Action                   |  1- 3 |  4- 6 |  7- 9 || total
-------------------------+-------+-------+-------++-------
Melee: Dagger            |   116 |   214 |    50 ||   380
       Unarmed           |    14 |       |       ||    14
 Cast: Summon Small Mamm |    17 |     1 |       ||    18
       Call Imp          |    24 |    35 |     5 ||    64
       Call Canine Famil |     1 |    39 |     5 ||    45
       Summon Ice Beast  |       |     1 |     2 ||     3
  Use: Scroll            |     2 |     7 |     1 ||    10
 Stab: Sleeping          |     2 |     2 |       ||     4
       Distracted        |       |     4 |       ||     4
Armor: Robe              |    64 |    54 |    12 ||   130
Dodge: Dodged            |   139 |   218 |    46 ||   403
